 Dungeon Crawl Stone Soup version 0.21-a0-518-g43a1781 (webtiles) character file.

368 KristoblXynda the Chopper (level 6, -3/48 HPs)
             Began as a Draconian Gladiator on Dec 4, 2017.
             Was an Initiate of Ashenzari.
             Killed from afar by an orc wizard (10 damage)
             ... with a puff of flame
             ... on level 3 of the Dungeon.
             The game lasted 00:10:15 (3264 turns).

KristoblXynda the Chopper (Draconian Gladiator)     Turns: 3264, Time: 00:10:16

Health: -3/48      AC:  8    Str: 24    XL:     6   Next: 41%
Magic:  6/6        EV: 18    Int: 10    God:    Ashenzari [......]
Gold:   101        SH:  0    Dex: 12    Spells: 5/5 levels left

rFire    . . .     SeeInvis .   a - +0 war axe
rCold    . . .     Gourm    +   (no shield)
rNeg     . . .     Faith    .   (armour unavailable)
rPois    +         Spirit   .   b - +0 hat
rElec    .         Reflect  .   (no cloak)
rCorr    .         Harm     .   s - +0 pair of gloves
MR       .....                  x - +0 pair of boots
Stlth    ++........             n - amulet of the gourmand
HPRegen  0.16/turn              i - +4 ring of evasion
MPRegen  0.10/turn              l - ring of stealth

@: mighty, hasted, very quick
A: unfitting armour, poison resistance, strong 1, cold-blooded, AC +6
a: Curse Item, Renounce Religion


You were on level 3 of the Dungeon.
You worshipped Ashenzari.
Ashenzari was noncommittal.
You were completely stuffed.

You visited 1 branch of the dungeon, and saw 4 of its levels.
You also visited: Sewer.

You collected 101 gold pieces.

Inventory:

Hand Weapons
 a - a +0 war axe (weapon)
Missiles
 c - 3 throwing nets (quivered)
Armour
 b - a +0 hat (worn)
 j - a +0 buckler
 s - a +0 pair of gloves (worn)
 x - a +0 pair of boots (worn)
Jewellery
 i - a +4 ring of evasion (left hand)
 l - a ring of stealth (right hand)
 n - an amulet of the gourmand (around neck)
Scrolls
 f - 2 scrolls of magic mapping {unknown}
 g - a scroll of identify {unknown}
 m - 3 scrolls of teleportation {unknown}
 o - a scroll of immolation
 p - 2 scrolls of blinking {unknown}
 y - a scroll of enchant armour {unknown}
 A - a scroll of remove curse
Potions
 e - a potion of invisibility
 h - 2 potions of brilliance
 q - a potion of might
 r - a potion of flight {unknown}
 t - a potion of heal wounds {unknown}
 u - 2 potions of mutation
Books
 w - a book of Callings

   Spells                             Type                      Level
   a - Summon Small Mammal            Summoning                    1
   b - Call Imp                       Summoning                    2
   c - Call Canine Familiar           Summoning                    3
   d - Summon Guardian Golem          Hexes/Summoning              3
   e - Summon Lightning Spire         Summoning/Air                4
   f - Summon Ice Beast               Ice/Summoning                4
Comestibles
 d - 2 bread rations
 k - a meat ration


   Skills:
 - Level 2.1 Fighting
 + Level 4.8 Axes
 - Level 3.1 Throwing
 + Level 4.3 Dodging
 + Level 2.1 Shields


You had 5 spell levels left.
You didn't know any spells.

Dungeon Overview and Level Annotations

Branches:
Dungeon (4/15)
 Temple: D:4-7

Altars:
Ashenzari
Fedhas
Qazlal


Innate Abilities, Weirdness & Mutations

Your plain brown scales are hard. (AC +6)
You cannot fit into any form of body armour.
You are cold-blooded and may be slowed by cold attacks.
Your system is resistant to poisons. (rPois)
Your muscles are strong. (Str +2)


Message History

Deactivating autopickup; reactivate with Ctrl-A.
The magic dart hits you!
* * * LOW HITPOINT WARNING * * *
The hound bites you but does no damage.
You closely miss the hound. You barely miss something.
Something barely misses you. The hound barely misses you.
You hear some strange, mumbled words.
A leopard gecko skeleton comes into view.
There is a stone staircase leading up here.
The hound bites you but does no damage.
You climb upwards.
There is a stone staircase leading down here.
You closely miss something. You tail-slap something. You slash the hound!
Something hits you but does no damage. The hound misses you.
You completely miss something. You tail-slap something.
You barely miss the hound.
You hear some strange, mumbled words.
A puff of flame appears from out of thin air!
The puff of flame hits you!
You die...

##### ##...## ##.....##
#.......# #....{..#
#.....@.#
##...h.################
##.....................
#.......###############
#.......## #...รท.##
#.<......## #.###..###
#......#..## #...##..##
#.....###..# ###.###.##
#...#.####.#####..##.##


You could see a hound.

Vanquished Creatures
  The ghost of Laiders the Magician, an amateur DsWz (D:3)
  A scorpion (D:4)
  An orc wizard (D:3)
  7 adders
  2 river rats
  2 oozes (Sewer)
  4 worms
  A dart slug (D:1)
  2 leopard geckos (D:1)
  7 orcs (D:3)
  3 giant cockroaches
  4 hobgoblins
  9 jackals
  16 kobolds
  5 ball pythons
  9 bats
  4 frilled lizards
  7 goblins
  10 rats
95 creatures vanquished.

Vanquished Creatures (others)
  An orc wizard (D:4)
  An orc (D:3)
2 creatures vanquished.

Grand Total: 97 creatures vanquished

Notes
Turn   | Place    | Note
-------+----------+-------------------------------------------
     0 | D:1      | KristoblXynda the Draconian Gladiator began the quest for the Orb.
     0 | D:1      | Reached XP level 1. HP: 17/17 MP: 1/1
   155 | D:1      | Reached XP level 2. HP: 23/24 MP: 2/2
   678 | D:2      | Reached XP level 3. HP: 28/29 MP: 3/3
   753 | D:2      | Found a shattered altar of Ashenzari.
   771 | D:2      | Became a worshipper of Ashenzari the Shackled
  1330 | D:3      | Found a blossoming altar of Fedhas.
  1351 | D:3      | Found a stormy altar of Qazlal.
  1352 | D:3      | Found a glowing drain.
  1376 | D:3      | Gained mutation: Your muscles are strong. (Str +2) [potion of mutation]
  1376 | D:3      | Gained mutation: Your system is resistant to poisons. (rPois) [potion of mutation]
  1376 | D:3      | Reached XP level 4. HP: 4/36 MP: 4/4
  1420 | Sewer    | Entered a sewer
  2004 | Sewer    | Reached XP level 5. HP: 36/41 MP: 5/5
  2508 | D:3      | Reached skill level 1 in Shields
  2651 | D:3      | Noticed Laiders's ghost (amateur DsWz)
  2657 | D:3      | Killed Laiders's ghost
  2657 | D:3      | Reached XP level 6. HP: 30/48 MP: 6/6
  3264 | D:3      | Killed from afar by an orc wizard

Vault maps used:
D:1:      dpeg_arrival_arbitrary_b
D:2:      overflow_temple_1_default, first_bread, roderic_lattice_a,
          kennysheep_big_empty_room
D:3:      grunt_temple_overflow_forces_of_nature, portal_sewer_entry_b,
          serial_glass, glass_columns_b, glass_columns_b, glass_columns_b,
          glass_columns_c, glass_columns_b, glass_columns_a, glass_columns_a,
          glass_columns_a
D:4:      overflow_temple_1_default, corner_web_ring, uniq_natasha
Sewer:    sewer_co_15_rooms

Skill      XL: |  1  2  3  4  5  6 |
---------------+-------------------+-----
Throwing       | 2 3 |  3.1
Dodging        | 3 4 |  4.3
Axes           | 4 |  4.8
Shields        | 1 2 |  2.1
Fighting       | |  2.1

Action                   |  1- 3 |  4- 6 || total
-------------------------+-------+-------++-------
Melee: War axe           |   120 |   165 ||   285
       Tailslap          |    18 |    15 ||    33
  Use: Potion            |     3 |     3 ||     6
       Scroll            |       |     1 ||     1
 Stab: Sleeping          |     2 |     3 ||     5
       Invisible         |       |     1 ||     1
  Eat: Chunk             |     2 |    16 ||    18
Armor: Skin              |    40 |    46 ||    86
Dodge: Dodged            |   125 |   181 ||   306

Table legend:
 A = Spawn XP
 B = Non-spawn XP
 C = Spawn XP percentage of total XP
 D = Spawn monster count
 E = Non-spawn monster count
 F = Spawn count percentage of total count
 G = Total turns spent on level
                    A         B        C        D         E        F      G
               +---------+---------+-------+---------+---------+-------+---------
         Total |       0 |     527 |   0.0 |       0 |      97 |   0.0 |  3264
               +---------+---------+-------+---------+---------+-------+---------
           D:1 |       0 |      39 |   0.0 |       0 |      23 |   0.0 |   655
           D:2 |       0 |      26 |   0.0 |       0 |      16 |   0.0 |   652
           D:3 |       0 |     258 |   0.0 |       0 |      34 |   0.0 |  1010
           D:4 |       0 |      97 |   0.0 |       0 |       2 |   0.0 |    37
         Sewer |       0 |     107 |   0.0 |       0 |      22 |   0.0 |   910
               +---------+---------+-------+---------+---------+-------+---------
